 Dungeon Crawl Stone Soup version 0.32-a0-571-gec57dfcd37 (webtiles) character file.

Game seed: 1696735520741843529

1389 ytrimaz the Cleaver (level 8, -4/58 HPs)
             Began as a Coglin Fighter on Mar 1, 2024.
             Slain by a gnoll sergeant
             ... wielding a +0 spear
              (8 damage)
             ... on level 6 of the Dungeon.
             The game lasted 00:05:08 (4985 turns).

ytrimaz the Cleaver (Coglin Fighter)                Turns: 4985, Time: 00:05:09

Health: -4/58      AC: 12    Str: 18    XL:     8   Next: 68%
Magic:  8/8        EV:  5    Int:  8    God:
Gold:   271        SH:  0    Dex: 14    Spells: 7/7 levels left

rFire   . . .        a - +1 war axe {Ingwe}
rCold   . . .        e - +0 hand axe {Fernando}
rNeg    . . .        h - +0 plate armour
rPois   .            (no helmet)
rElec   .            (no cloak)
rCorr   .            l - +0 pair of gloves
SInv    .            (no boots)
Will    .....        (amulet unavailable) Stlth
                     (ring unavailable)
HPRegen 0.29/turn    (ring unavailable)
MPRegen 0.11/turn    (no gizmo)

%: no passive effects
@: about to teleport, revved
A: off-hand wielding, slow wielding, warmup strikes, no jewellery
a: Invent Gizmo


You were on level 6 of the Dungeon.
You visited 1 branch of the dungeon, and saw 6 of its levels.
You also visited: Sewer.

You collected 271 gold pieces.


Innate Abilities, Weirdness & Mutations

You can wield a second weapon in your off-hand.
It takes a long time for you to wield or remove held weapons.
Your first few attacks do less damage.
You cannot equip rings or amulets.


   Skills:
 - Level 3.0 Fighting
 + Level 10.6 Axes
 - Level 2.6 Armour
 - Level 2.1 Shields


You had 7 spell levels left.
You didn't know any spells.
Your spell library contained the following spells:

 Spells                   Type           Power      Damage    Failure   Level
 Freeze                   Ice            0%         1d3       100%        1
 Sandblast                Erth           0%         2d4       100%        1
 Frozen Ramparts          Ice            0%         1d1       100%        3
 Hailstorm                Conj/Ice       0%         3d5       100%        3
 Passwall                 Erth           0%         N/A       100%        3
 Stone Arrow              Conj/Erth      0%         3d7       100%        3
 Brom's Barrelling Bould  Conj/Erth      0%         2d3       100%        4

Inventory:

Hand Weapons
 a - a +1 war axe (weapon) {Ingwe}
 e - a +0 hand axe (offhand) {Fernando}
   (You found it on level 1 of the Dungeon)
Armour
 c - a +0 buckler
 h - a +0 plate armour (worn)
   (You found it on level 2 of the Dungeon)
 l - a +0 pair of gloves (worn)
   (You found it on level 2 of the Dungeon)
 s - a +3 leather armour of poison resistance
   (You took it off Ijyb on level 4 of the Dungeon)
Wands
 m - a wand of acid (6)
   (You found it on level 2 of the Dungeon)
 r - a wand of flame (24)
   (You took it off Ijyb on level 4 of the Dungeon)
 y - a wand of roots (8)
   (You found it on level 4 of the Dungeon)
Scrolls
 b - a scroll of identify
 k - 2 scrolls of immolation
 n - a scroll of blinking
 p - a scroll of poison {unknown}
 q - a scroll of amnesia {unknown}
 v - a scroll of vulnerability {unknown}
 w - a scroll of fear {unknown}
 x - 3 scrolls of enchant armour {unknown}
Potions
 d - 2 potions of might
 f - 3 potions of heal wounds
 g - 2 potions of mutation {unknown}
 i - 3 potions of haste
 j - 6 potions of curing {unknown}
 o - 2 potions of degeneration {unknown}
 t - 2 potions of magic {unknown}
 u - 2 potions of brilliance {unknown}
 z - a potion of attraction {unknown}
 A - a potion of lignification {unknown}
 B - a potion of resistance {unknown}

Dungeon Overview and Level Annotations

Branches:
Dungeon (6/15) Zot: 26954   Sewer (visited)
 Temple: D:4-7

Altars:
Cheibriados
Fedhas
Makhleb
Ru

Shops:
D:3 *

Annotations:
D:6 Eustachio

...O...##.).).......
.......##.))†.......
....................
...g...<............
..g.................
..........(......##.
.....#.g.@.........
.....#.O............
.... #.@k...........
... #.#...........
... ...#..........
.....##........
....... #.#......
....... ##.....
....... .....
....... ..


You could see Eustachio, a wyvern, an ogre, a gnoll sergeant and a gnoll.


Message History

You slash the howler monkey with your +1 war axe!
You kill the howler monkey!
You hit the kobold brigand with your +0 hand axe.
You kill the kobold brigand!
Unknown command.
You see here a howler monkey corpse. 😕 HP[+1] No target in view!
Unknown command.
No target in view!
Eustachio the Magnificent comes into view.
He is wielding a +0 rapier.
Eustachio shouts! 😕 HP[+1] Unknown command.
You closely miss Eustachio with your +1 war axe.
You hit Eustachio but do no damage.
Eustachio gestures wildly while chanting.
Eustachio blinks!
Eustachio completely misses you. 😕 HP[+1] Unknown command.
You barely miss Eustachio with your +1 war axe.
You hit Eustachio but do no damage. Eustachio hits you but does no damage.
A gnoll sergeant comes into view. It is wielding a +0 spear.
The gnoll sergeant shouts!
You hear a shout!
Eustachio casts a spell.
You closely miss the rat with your +0 hand axe.
You hit the rat with your +1 war axe.
You kill the rat!
The rat's corpse disappears in a puff of smoke!
Unknown command.
Eustachio hits you with a +0 rapier.
An ogre comes into view. It is wielding a +0 giant club.
The quokka twitches its whiskers. 😕 HP[-1]
You take 1 damage, and now have 49/58 hp.
You closely miss Eustachio with your +1 war axe.
The ogre shouts!
You hit the quokka with your +1 war axe.
You barely miss Eustachio with your +0 hand axe.
You hit the quokka but do no damage.
You hear a shout!
Eustachio hits you but does no damage.
The quokka bites you but does no damage.
You closely miss the quokka with your +1 war axe.
You hit Eustachio with your +1 war axe.
You hit the quokka with your +0 hand axe.
You kill the quokka!
The quokka's corpse disappears in a puff of smoke!
You closely miss Eustachio with your +0 hand axe.
Eustachio hits you with a +0 rapier. 😕 HP[-4]
You take 4 damage, and now have 45/58 hp.
Unknown command.
You hit Eustachio with your +0 hand axe.
You closely miss Eustachio with your +1 war axe.
A wyvern comes into view.
Eustachio hits you with a +0 rapier. 😮 HP[-4]
You take 4 damage, and now have 41/58 hp.
You are too injured to fight recklessly!
Unknown command.
You closely miss Eustachio with your +1 war axe.
The wyvern hisses angrily.
You hit Eustachio with your +0 hand axe.
Eustachio barely misses you. 😮 HP[+1]
You hit Eustachio but do no damage.
You slash Eustachio with your +1 war axe!
A gnoll comes into view. It is wielding a +0 spear.
The gnoll sergeant hits you but does no damage.
Eustachio hits you with a +0 rapier.
You are too injured to fight recklessly! 😮 HP[-1]
You take 1 damage, and now have 41/58 hp.
Unknown command.
The gnoll shouts!
You hit Eustachio with your +0 hand axe.
You barely miss Eustachio with your +1 war axe.
A gnoll comes into view. It is wielding a +0 halberd.
A gnoll comes into view. It is wielding a +0 spear.
The gnoll sergeant hits you from afar with a +0 spear!
Eustachio hits you but does no damage. 😮 HP[-7]
You take 7 damage, and now have 34/58 hp.
Okay, then.
As you read the scroll of teleportation, it crumbles to dust.
You feel strangely unstable.
The gnoll shouts!
An ogre comes into view. It is wielding a +0 giant club.
The gnoll sergeant hits you from afar with a +0 spear.
Eustachio closely misses you. 😮 HP[-2]
You take 2 damage, and now have 32/58 hp.
The ogre attacks as it pursues you!
The ogre hits you with a +0 giant club!!
* * * LOW HITPOINT WARNING * * *
The gnoll sergeant attacks as it pursues you!
The gnoll sergeant hits you from afar with a +0 spear!
You die...

Skill      XL: |  1  2  3  4  5  6  7  8 |
---------------+-------------------------+-----
Axes           | 3 4 5 6 7 9 10 | 10.6
Fighting       | |  3.0
Armour         | |  2.6
Shields        | |  2.1

Action                     |  1- 3 |  4- 6 |  7- 9 || total
---------------------------+-------+-------+-------++-------
  Melee: War axe           |    61 |   120 |   123 ||   304
         Hand axe          |    45 |   116 |   117 ||   278
    Use: Scroll            |     4 |     3 |     1 ||     8
 Armour: Scale mail        |    42 |       |       ||    42
         Plate armour      |     5 |   143 |   136 ||   284
  Dodge: Dodged            |    39 |    40 |    29 ||   108
  Block: Buckler           |     1 |       |       ||     1

Levels and vault maps discovered:
D:1:      psy_arrival_terrarium, layout_basic
D:2:      layout_loops_ring, dilly_ecumenical_altar_fadedgnrine
D:3:      layout_loops_ring, serial_shops, nicolae_shop_overgrown_old_shop
D:4:      black_bear_nest_1, layout_basic, mainiacjoe_overflow_large_starburst,
          nicolae_ru_the_path_less_chosen, gup_sewer_entry_glass,
          minmay_misc_feat_diagonals, uniq_blork_the_orc, uniq_ijyb
D:5:      layout_basic, nicolae_overflow_hidden_temple
D:6:      layout_cave_pools, minmay_temple_entry_antechambers, uniq_eustachio

Notes
Turn   | Place    | Note
-------+----------+-------------------------------------------
     0 | D:1      | ytrimaz the Coglin Fighter began the quest for the Orb.
     0 | D:1      | Reached XP level 1. HP: 18/18 MP: 1/1
     0 | D:1      | magus.rc [v1.9.6]
    80 | D:1      | Reached XP level 2. HP: 23/24 MP: 2/2
   256 | D:1      | Reached skill level 3 in Axes
   465 | D:1      | Reached XP level 3. HP: 25/29 MP: 3/3
   727 | D:2      | Reached skill level 4 in Axes
   790 | D:2      | Reached XP level 4. HP: 35/35 MP: 4/4
  1292 | D:2      | Found a faded altar of an unknown god.
  1483 | D:3      | Found Rujehapor's Assorted Antiques.
  1797 | D:3      | Reached skill level 5 in Axes
  2043 | D:4      | Reached XP level 5. HP: 41/41 MP: 5/5
  2057 | D:4      | Found a snail-covered altar of Cheibriados.
  2085 | D:4      | Found a blossoming altar of Fedhas.
  2213 | D:4      | Noticed Ijyb
  2214 | D:4      | Found a glowing drain.
  2225 | D:4      | Killed Ijyb
  2257 | D:4      | Reached skill level 6 in Axes
  2257 | D:4      | Reached XP level 6. HP: 42/47 MP: 6/6
  2262 | D:4      | Noticed Blork the orc
  2265 | Sewer    | Entered a sewer
  2553 | Sewer    | Reached skill level 7 in Axes
  2919 | D:4      | Reached XP level 7. HP: 28/52 MP: 7/7
  2923 | D:4      | Killed Blork the orc
  3201 | D:4      | Reached skill level 8 in Axes
  3856 | D:4      | Found a sacrificial altar of Ru.
  3871 | D:5      | Entered Level 5 of the Dungeon
  3892 | D:5      | Reached skill level 9 in Axes
  3892 | D:5      | Reached XP level 8. HP: 58/58 MP: 8/8
  4024 | D:5      | HP: 14/58 [iguana (3)]
  4197 | D:5      | You pick up a book of Frost and begin reading...
  4197 | D:5      | You add the spells Freeze, Frozen Ramparts and Hailstorm to
                  | your library.
  4249 | D:5      | Found a burning altar of Makhleb.
  4262 | D:5      | You pick up a book of Geomancy and begin reading...
  4262 | D:5      | You add the spells Sandblast, Passwall, Stone Arrow and
                  | Brom's Barrelling Boulder to your library.
  4323 | D:5      | Reached skill level 10 in Axes
  4967 | D:6      | Noticed Eustachio
  4980 | D:6      | Noticed a wyvern
  4985 | D:6      | HP: 4/58 [ogre/+0 giant club (28)]
  4985 | D:6      | Slain by a gnoll sergeant

Vanquished Creatures
  A black bear (D:4)
  An ogre (D:5)
  2 kobold brigands
  Blork the orc (D:4)
  2 scorpions (D:4)
  2 howler monkeys
  4 bombardier beetles
  3 hounds
  A jelly (D:5)
  Ijyb (D:4)
  7 iguanas
  6 gnolls
  11 adders
  8 river rats (Sewer)
  4 ufetubi
  A ribbon worm (D:3)
  2 dart slugs
  6 orcs
  9 endoplasms
  6 giant cockroaches
  5 goblins
  5 hobgoblins
  11 jackals
  20 kobolds
  2 quokkas
  15 ball pythons
  3 bats
  5 frilled lizards
  20 rats
164 creatures vanquished.

Table legend:
 A = Non-vault XP
 B = Vault XP
 C = Vault XP percentage of total XP
 D = Non-vault monster count
 E = Vault monster count
 F = Vault count percentage of total count
                 A         B        C        D         E       F
            +---------+---------+-------+---------+---------+-------
      Total |    1441 |     544 |  27.4 |     105 |      59 |  36.0
            +---------+---------+-------+---------+---------+-------
        D:1 |      34 |       0 |   0.0 |      19 |       0 |   0.0
        D:2 |     101 |       0 |   0.0 |      24 |       0 |   0.0
        D:3 |      29 |       0 |   0.0 |       8 |       0 |   0.0
        D:4 |     412 |     293 |  41.6 |      26 |       8 |  23.5
        D:5 |     663 |       0 |   0.0 |      20 |       0 |   0.0
        D:6 |     202 |       0 |   0.0 |       8 |       0 |   0.0
      Sewer |       0 |     251 | 100.0 |       0 |      51 | 100.0
            +---------+---------+-------+---------+---------+-------

Skill      XL: |  1  2  3  4  5  6  7  8 |
---------------+-------------------------+-----
Axes           | 3 4 5 6 7 9 10 | 10.6
Fighting       | |  3.0
Armour         | |  2.6
Shields        | |  2.1

Action                     |  1- 3 |  4- 6 |  7- 9 || total
---------------------------+-------+-------+-------++-------
  Melee: War axe           |    61 |   120 |   123 ||   304
         Hand axe          |    45 |   116 |   117 ||   278
    Use: Scroll            |     4 |     3 |     1 ||     8
 Armour: Scale mail        |    42 |       |       ||    42
         Plate armour      |     5 |   143 |   136 ||   284
  Dodge: Dodged            |    39 |    40 |    29 ||   108
  Block: Buckler           |     1 |       |       ||     1

Illustrated notes

Table legend:
 A = Kills in this place as a percentage of kills in the entire game.
 B = Kills by you in this place as a percentage of kills by you in the entire game.
 C = Kills by friends in this place as a percentage of kills by friends in the entire game.
 D = Other kills in this place as a percentage of other kills in the entire game.
 E = Experience gained in this place as a percentage of experience gained in the entire game.
 F = Experience gained in this place divided by the number of levels of this place that you have seen.
                   A       B       C       D       E      F
               +-------+-------+-------+-------+-------+----------------------
         Total | 100.0 | 100.0 |   N/A |   N/A | 100.0 | 283.6
       Dungeon |  68.9 |  68.9 |   N/A |   N/A |  87.4 | 289.0
         Sewer |  31.1 |  31.1 |   N/A |   N/A |  12.6 | 251.0
               +-------+-------+-------+-------+-------+----------------------

Table legend: (Time is in decaauts)
 A = Elapsed time spent in this place.
 B = Non-inter-level travel time spent in this place.
 C = Inter-level travel time spent in this place.
 D = Time resting spent in this place.
 E = Time spent auto-exploring this place.
 F = Levels seen in this place.
 G = Mean time per level.
                   A        B        C        D        E       F      G
               +--------+--------+--------+--------+--------+-----+--------+
         Total |   5023 |   4965 |     58 |      0 |   3982 |   7 |  717.6 |
       Dungeon |   4367 |   4309 |     58 |      0 |   3496 |   6 |  727.8 |
         Sewer |    655 |    655 |      0 |      0 |    486 |   1 |  655.0 |
               +--------+--------+--------+--------+--------+-----+--------+

Top non-repeatable levels by time:
     D:4: 1233 daAuts
     D:5: 1060 daAuts
     D:2: 885 daAuts
   Sewer: 655 daAuts
     D:1: 583 daAuts
     D:3: 560 daAuts
     D:6: 44 daAuts
